 Dungeon Crawl Stone Soup version 0.31-a0-765-g67fe2935dc (webtiles) character file.

Game seed: 13505273506512511829

211 cforsyth the Trooper (level 6, 0/34 (49) HPs)
             Began as a Djinni Delver on Sept 16, 2023.
             Slain by an orc wizard
             ... wielding a +1 dagger of electrocution
              (2 damage)
             ... on level 4 of the Dungeon.
             The game lasted 00:03:34 (974 turns).

cforsyth the Trooper (Djinni Delver)                 Turns: 974, Time: 00:03:34

HP:   0/34 (49)     AC:  4    Str: 11    XL:     6   Next: 13%
Gold: 16            EV: 12    Int: 14    God:
                    SH:  0    Dex: 14

rFire   + + .        a - +0 falchion
rCold   x . .        (no shield)
rNeg    . . .        i - +2 robe {Will+}
rPois   ∞            (no helmet)
rElec   .            (no cloak)
rCorr   .            (no gloves)
SInv    .            (boots unavailable)
Will    +....        (no amulet)
Stlth   +++          (no ring)
HPRegen 0.25/turn    (no ring)
MPRegen 0.00/turn

%: infuse magic (-1 HP)
@: flying, very heavily drained
A: sickness immunity, fire resistance 2, cold vulnerability 1, float, innate
caster, HP casting, extra vitality 1
a: no special abilities


You were on level 4 of the Dungeon.
You visited 1 branch of the dungeon, and saw 2 of its levels.

You collected 16 gold pieces.

Inventory:

Hand Weapons
 a - a +0 falchion (weapon)
Armour
 b - a +0 leather armour
 i - a +2 robe of willpower (worn)
Wands
 g - a wand of digging (3)
Scrolls
 c - a scroll of fog
 d - 3 scrolls of revelation
 e - a scroll of fear
 h - a scroll of vulnerability {unknown}
Potions
 f - a potion of haste


   Skills:
 + Level 4.9 Fighting
 - Level 1.7 Long Blades
 - Level 2.1 Dodging
 - Level 4.1 Stealth
 + Level 2.6 Spellcasting
 + Level 2.6 Conjurations
 + Level 2.6 Hexes
 + Level 2.6 Summonings
 + Level 2.6 Necromancy
 + Level 2.6 Translocations
 + Level 2.6 Transmutations
 + Level 2.6 Fire Magic
 + Level 2.6 Ice Magic
 + Level 2.6 Air Magic
 + Level 2.6 Earth Magic
 + Level 2.6 Poison Magic


You knew the following spells:

 Your Spells              Type           Power      Damage    Failure   Level
a - Kiss of Death         Conj/Necr      36%        2d8       8%          1
b - Call Imp              Summ           18%        N/A       11%         2
Your spell library was empty.

Dungeon Overview and Level Annotations

Branches:
Dungeon (5/15)
 Temple: D:4-7

Altars:
Wu Jian
Xom


Innate Abilities, Weirdness & Mutations

You are immune to sickness and miasma.
You are immune to poison.
Your flesh is very heat resistant. (rF++)
You are vulnerable to cold. (rC-)
You float through the air rather than walking.
You learn spells naturally, not from books.
Your magical power is your life essence.
You have superior vitality. (+4 MHP)


Message History

Confirm with . or Enter, or press ? or * to list all spells.
Okay, then.
Casting: Kiss of Death (safe; 8% risk of failure)
Confirm with . or Enter, or press ? or * to list all spells.
A tiny devil pulls itself out of the air.
The orc hits you but does no damage.
An orc wizard comes into view.
It is wielding a +1 dagger of electrocution.
The orc hits you with a +0 short sword.
Something closely misses your cerulean imp.
The orc closely misses you.
Your cerulean imp hits the orc from afar with a -4 spear.
You barely miss the orc.
The orc is moderately wounded.
Something barely misses your cerulean imp.
The orc hits you but does no damage. x2
Your cerulean imp barely misses the orc.
You hit the orc.
You kill the orc!
Your cerulean imp hits the orc wizard but does no damage.
The orc wizard points at you and mumbles some strange words.
The magic dart hits you. The orc barely misses you.
You barely miss the orc.
The orc is lightly wounded.
Your cerulean imp barely misses the orc wizard.
The orc hits you with a +0 short sword.
You slash the orc!
You kill the orc!
Your cerulean imp closely misses the orc wizard.
The orc wizard casts a spell at you. You resist with almost no effort.
Your cerulean imp hits the orc wizard but does no damage.
You hit the orc wizard.
The orc wizard is moderately wounded.
The orc wizard hits you but does no damage.
You are electrocuted!
Ouch! That really hurt!
* * * LOW HITPOINT WARNING * * *
Your cerulean imp barely misses the orc wizard.
The orc wizard hits you with a +1 dagger of electrocution.
You die...

# ##.#
.....#### #
.......@##.#
....#..>o)5#
. ########


You could see an orc wizard (ally target) and a friendly cerulean imp
(summoned).

Vanquished Creatures
  2 scorpions (D:5)
  A hound (D:5)
  An orc priest (D:4)
  An orc wizard (D:5)
  A dart slug (D:5)
  5 orcs
  A quokka (D:5)
12 creatures vanquished.

Notes
Turn   | Place    | Note
-------+----------+-------------------------------------------
     0 | D:5      | cforsyth the Djinni Delver began the quest for the Orb.
     0 | D:5      | Reached XP level 1. HP: 20/20 MP: 0/0
    28 | D:5      | Found an ornate altar of the Wu Jian Council.
    39 | D:5      | Noticed an ogre
    72 | D:5      | Noticed a scorpion
    75 | D:5      | Noticed a scorpion
    91 | D:5      | Killed a scorpion
    92 | D:5      | Reached skill level 1 in Spellcasting
    92 | D:5      | Reached skill level 1 in Conjurations
    92 | D:5      | Reached skill level 1 in Hexes
    92 | D:5      | Reached skill level 1 in Summonings
    92 | D:5      | Reached skill level 1 in Necromancy
    92 | D:5      | Reached skill level 1 in Translocations
    92 | D:5      | Reached skill level 1 in Transmutations
    92 | D:5      | Reached skill level 1 in Fire Magic
    92 | D:5      | Reached skill level 1 in Ice Magic
    92 | D:5      | Reached skill level 1 in Air Magic
    92 | D:5      | Reached skill level 1 in Earth Magic
    92 | D:5      | Reached skill level 1 in Poison Magic
    92 | D:5      | Reached XP level 2. HP: 12/26 MP: 0/0
    92 | D:5      | Reached XP level 3. HP: 15/31 MP: 0/0
    92 | D:5      | Learned a level 1 spell: Kiss of Death
    92 | D:5      | Reached XP level 4. HP: 18/37 MP: 0/0
   197 | D:5      | Killed a scorpion
   198 | D:5      | Reached XP level 5. HP: 11/42 MP: 0/0
   198 | D:5      | Learned a level 2 spell: Call Imp
   333 | D:5      | Found a shimmering altar of Xom.
   670 | D:5      | Noticed an ice beast
   968 | D:4      | Reached XP level 6. HP: 26/33 MP: 0/0
   974 | D:4      | Slain by an orc wizard

Illustrated notes

Levels and vault maps discovered:
D:4:      layout_basic, lemuel_doored_altar, nicolae_qazlal_general_emergency,
          nicolae_gozag_cash_rules_everything_around_me
D:5:      layout_rooms, xom_teletrap_fun, mainiacjoe_overflow_tiny_flanked,
          uniq_eustachio

Skill      XL: |  1  2  3  4 |
---------------+-------------+-----
Spellcasting   | 1 2 |  2.6
Conjurations   | 1 2 |  2.6
Hexes          | 1 2 |  2.6
Summonings     | 1 2 |  2.6
Necromancy     | 1 2 |  2.6
Translocations | 1 2 |  2.6
Transmutations | 1 2 |  2.6
Fire Magic     | 1 2 |  2.6
Ice Magic      | 1 2 |  2.6
Air Magic      | 1 2 |  2.6
Earth Magic    | 1 2 |  2.6
Poison Magic   | 1 2 |  2.6
Fighting       | 4 |  4.9
Long Blades    | |  1.7
Dodging        | |  2.1
Stealth        | |  4.1

Action                     |  1- 3 |  4- 6 || total
---------------------------+-------+-------++-------
  Melee: Falchion          |    14 |    59 ||    73
         Punch             |       |     1 ||     1
   Cast: Kiss of Death     |       |     4 ||     4
         Call Imp          |       |     1 ||     1
   Stab: Sleeping          |     1 |       ||     1
 Armour: Leather armour    |     9 |    40 ||    49
         Robe              |       |    14 ||    14
  Dodge: Dodged            |    10 |    49 ||    59

Table legend: (Time is in decaauts)
 A = Elapsed time spent in this place.
 B = Non-inter-level travel time spent in this place.
 C = Inter-level travel time spent in this place.
 D = Time resting spent in this place.
 E = Time spent auto-exploring this place.
 F = Levels seen in this place.
 G = Mean time per level.
                   A        B        C        D        E       F      G
               +--------+--------+--------+--------+--------+-----+--------+
         Total |    991 |    972 |     19 |    657 |     86 |   2 |  495.5 |
       Dungeon |    991 |    972 |     19 |    657 |     86 |   2 |  495.5 |
               +--------+--------+--------+--------+--------+-----+--------+

Top non-repeatable levels by time:
     D:5: 974 daAuts
     D:4: 17 daAuts
